 Dungeon Crawl Stone Soup version 0.26-a0-597-gb535b0901c (webtiles) character file.

Game seed: 7265334178740153728

1375 Lanoc the Shooter (level 8, -11/42 HPs)
             Began as a Vine Stalker Hunter on Sept 3, 2020.
             Was a Priest of Okawaru.
             Mangled by an ogre
             ... wielding a +0 giant spiked club
              (26 damage)
             ... on level 5 of the Dungeon.
             The game lasted 00:08:05 (4524 turns).

Lanoc the Shooter (Vine Stalker Hunter)             Turns: 4524, Time: 00:08:06

Health: -11/42     AC: 10    Str: 17    XL:     8   Next: 66%
Magic:  0/12       EV:  8    Int: 11    God:    Okawaru [***...]
Gold:   162        SH:  0    Dex: 15    Spells: 7/7 levels left

rFire    . . .     SeeInvis .   a - +1 shortbow
rCold    + . .     Faith    .   (shield currently unavailable)
rNeg     . . .     Spirit   +   f - -1 chain mail (curse)
rPois    .         Reflect  .   r - +2 helmet
rElec    .         Harm     .   (no cloak)
rCorr    .                      (no gloves)
MR       +....                  (no boots)
Stlth    ..........             (no amulet)
HPRegen  0.54/turn              i - ring of protection from cold
MPRegen  0.13/turn              (no ring)

@: no status effects
A: fangs 3, regeneration 1, magic shield, antimagic bite, no potion heal 3, rot
immunity
a: Heroism, Renounce Religion


You were on level 5 of the Dungeon.
You worshipped Okawaru.
Okawaru was most pleased with you.
You visited 1 branch of the dungeon, and saw 5 of its levels.

You collected 162 gold pieces.

Inventory:

Hand Weapons
 a - a +1 shortbow (weapon)
 b - a +2 dagger of pain
Missiles
 d - 34 arrows (quivered)
 t - 3 curare-tipped darts
Armour
 f - a cursed -1 chain mail (worn)
 q - a +4 ring mail of cold resistance
 r - a +2 helmet (worn)
Jewellery
 i - a ring of protection from cold (left hand)
Wands
 g - a wand of polymorph (8)
Scrolls
 c - 2 scrolls of teleportation {unknown}
 e - a scroll of enchant armour
 j - 3 scrolls of enchant weapon {unknown}
 l - 7 scrolls of identify {unknown}
 o - 2 scrolls of magic mapping {unknown}
 p - a scroll of random uselessness {unknown}
 s - a scroll of remove curse {unknown}
Potions
 h - a potion of degeneration {unknown}
 k - a potion of resistance {unknown}
 m - a potion of brilliance {unknown}


   Skills:
 + Level 4.5 Fighting
 * Level 7.1 Bows
 + Level 4.1 Dodging
 - Level 1.2 Stealth
 + Level 4.2 Invocations


You had 7 spell levels left.
You didn't know any spells.
Your spell library contained the following spells:

 Spells                   Type           Power        Failure   Level
 Confusing Touch          Hex            #.......     100%        3
 Gell's Gravitas          Tloc           #.........   100%        3
 Petrify                  Tmut/Erth      #.......     100%        4
 Metabolic Englaciation   Hex/Ice        #.........   100%        5
 Yara's Violent Unravell  Hex/Tmut       #.........   100%        5


Dungeon Overview and Level Annotations

Branches:
Dungeon (5/15)             Temple (0/1) D:5

Altars:
Cheibriados
Dithmenos
Elyvilon
Okawaru
Ru
Xom
Yredelemnul
Zin
The Shining One


Innate Abilities, Weirdness & Mutations

You have razor-sharp teeth.
Your natural rate of healing is unusually fast.
When hurt, damage is shared between your health and your magic reserves.
Your bite disrupts and absorbs the magic of your enemies.
Potions cannot restore your health.
You are immune to rotting.


Message History

You shoot an arrow. The arrow barely misses the ogre.
You shoot an arrow.
The arrow hits the ogre but does no damage.
The ogre is moderately wounded.
The ogre hits you with a +0 giant spiked club!!
You shoot an arrow. The arrow hits the ogre.
The ogre is moderately wounded.
You shoot an arrow. The arrow hits the ogre.
The ogre is heavily wounded.
The ogre hits you with a +0 giant spiked club!
You are too injured to fight recklessly!
You are too injured to fight recklessly!
Firing (i - inventory. (/) - cycle)
d - 35 arrows (quivered)
Press: ? - help, Shift-Dir - straight line, f/p - ogre
Aim: an ogre, wielding a +0 giant spiked club (heavily wounded)
You shoot an arrow. The arrow hits the ogre!
The ogre is severely wounded.
The ogre hits you with a +0 giant spiked club!!
Ouch! That really hurt!
You die...

####.....##..........
#. ###...............
.# #...............
?.##
##...............
#..##......#.........
#........##.........
##......####........
##.......# #........
#(.O@....# #...#####
#.((###....##
#####8... ...
##....###...#.... .
#....#...8....>.
#......#...#....
#.......#####8...
#.....#### #####
........ .####....#


You could see an ogre.

Vanquished Creatures
  Pikel (D:4)
  An ogre (D:4)
  A lemure (D:4)
  A bullfrog (D:4)
  2 scorpions (D:4)
  A howler monkey (D:5)
  A jelly (D:5)
  3 orc wizards
  A centaur skeleton (D:4)
  2 orc priests (D:3)
  3 hounds
  Ijyb (D:3)
  4 worker ants
  Robin (D:3)
  8 gnolls
  4 adders
  8 worms
  2 dart slugs
  3 leopard geckos
  18 orcs
  A bat (D:1)
  3 giant cockroaches
  15 goblins
  7 hobgoblins
  3 jackals
  5 kobolds
  4 frilled lizards
  2 jackal zombies (D:1)
  2 rats
108 creatures vanquished.

Vanquished Creatures (others)
  A withered plant (D:5)
1 creature vanquished.

Grand Total: 109 creatures vanquished

Notes
Turn   | Place    | Note
-------+----------+-------------------------------------------
     0 | D:1      | Lanoc the Vine Stalker Hunter began the quest for the Orb.
     0 | D:1      | Reached XP level 1. HP: 11/11 MP: 2/2
   299 | D:1      | Reached XP level 2. HP: 15/15 MP: 3/3
   440 | D:2      | Found a basalt altar of Yredelemnul.
   450 | D:2      | Reached skill level 4 in Bows
   601 | D:2      | Found a sacrificial altar of Ru.
   634 | D:2      | Found an iron altar of Okawaru.
   647 | D:2      | Became a worshipper of Warmaster Okawaru
   705 | D:2      | Reached XP level 3. HP: 6/18 MP: 2/4
  1338 | D:2      | Found a shadowy altar of Dithmenos.
  1890 | D:3      | Noticed Robin
  1891 | D:3      | Gained mutation: Your natural rate of healing is unusually
                  | fast. [Vine Stalker growth]
  1891 | D:3      | Reached XP level 4. HP: 23/23 MP: 5/5
  1912 | D:3      | Noticed Ijyb
  1919 | D:3      | Killed Robin
  1919 | D:3      | Reached skill level 1 in Invocations
  1973 | D:3      | Killed Ijyb
  2154 | D:3      | Found a shimmering altar of Xom.
  2207 | D:3      | Reached XP level 5. HP: 27/27 MP: 6/6
  2244 | D:3      | Noticed an orc warrior
  2548 | D:3      | Reached * piety under Okawaru
  2568 | D:3      | Reached skill level 5 in Bows
  2631 | D:3      | Reached XP level 6. HP: 28/32 MP: 6/8
  2676 | D:3      | Found a snail-covered altar of Cheibriados.
  3156 | D:4      | Reached XP level 7. HP: 25/36 MP: 6/9
  3248 | D:4      | Reached ** piety under Okawaru
  3529 | D:4      | Reached skill level 6 in Bows
  3736 | D:4      | Gained mutation: You have razor-sharp teeth. [Vine Stalker
                  | growth]
  3736 | D:4      | Reached XP level 8. HP: 33/42 MP: 9/11
  3815 | D:4      | Found a white marble altar of Elyvilon.
  3815 | D:4      | Found a glowing silver altar of Zin.
  3815 | D:4      | Found a glowing golden altar of the Shining One.
  3860 | D:4      | Noticed Pikel
  3932 | D:4      | Killed Pikel
  3932 | D:4      | Reached *** piety under Okawaru
  3932 | D:4      | Reached skill level 7 in Bows
  4302 | D:5      | Entered Level 5 of the Dungeon
  4494 | D:5      | Found a staircase to the Ecumenical Temple.
  4524 | D:5      | Mangled by an ogre

Illustrated notes

Levels and vault maps discovered:
D:1:      saegor_arrival_fortress, layout_basic
D:2:      layout_loops_ring, okawaru_metal_pillars_3, grunt_dithmenos_smoke,
          nicolae_overflow_crystal_walls, lemuel_round_altar
D:3:      layout_basic, lemuel_round_altar, overflow_temple_1_default,
          chequers_avenue, kennysheep_generic_room_14, uniq_ijyb, uniq_robin
D:4:      layout_cave_pools, good_gods_mini_temple, uniq_pikel
D:5:      layout_layer_cave, kiku_gazebo_garden_becter,
          minmay_temple_entry_antechambers, grunt_ministairs_15

Skill      XL: |  1  2  3  4  5  6  7  8 |
---------------+-------------------------+-----
Fighting       | 2 3 4 |  4.5
Bows           | 4 5 6 7 |  7.1
Dodging        | 2 3 4 |  4.1
Invocations    | 1 2 3 4 |  4.2
Stealth        | |  1.2

Action                   |  1- 3 |  4- 6 |  7- 9 || total
-------------------------+-------+-------+-------++-------
Melee: Short sword       |    19 |       |       ||    19
       Bite              |    33 |    80 |    22 ||   135
       Dagger            |    83 |   257 |    70 ||   410
 Fire: Shortbow          |     3 |    39 |   119 ||   161
Throw: Dart              |       |       |     1 ||     1
  Use: Scroll            |       |     1 |       ||     1
       Potion            |       |       |     3 ||     3
Armor: Chain mail        |    36 |   152 |   118 ||   306
       Leather armour    |     4 |       |       ||     4
Dodge: Dodged            |    37 |   109 |    78 ||   224

Table legend: (Time is in decaauts)
 A = Elapsed time spent in this place.
 B = Non-inter-level travel time spent in this place.
 C = Inter-level travel time spent in this place.
 D = Time resting spent in this place.
 E = Time spent auto-exploring this place.
 F = Levels seen in this place.
 G = Mean time per level.
                   A        B        C        D        E       F      G
               +--------+--------+--------+--------+--------+-----+--------+
         Total |   4509 |   4452 |     57 |     66 |   3191 |   5 |  901.8 |
       Dungeon |   4509 |   4452 |     57 |     66 |   3191 |   5 |  901.8 |
               +--------+--------+--------+--------+--------+-----+--------+

Top non-repeatable levels by time:
     D:2: 1670 daAuts
     D:3: 1227 daAuts
     D:4: 1051 daAuts
     D:1: 338 daAuts
     D:5: 220 daAuts
